TOP OF THE 1ST |
Kingston Iguanas batting - Pitching for Reading Rainbows : RHP Paul Orr
|
Pitching: RHP Paul Orr
|
|
Batting: RHB Ron Campbell
|
0-0: SINGLE (Line Drive, 56)
|
Batting: LHB Justin McCoy
|
0-0: Ball 1-0: Ball 2-0: SINGLE (Line Drive, 4D) Ron Campbell to second Runner from 2nd tries for 3rd, SAFE, no throw
|
Batting: LHB Gustavo Gómez
|
0-0: Called Strike 0-1: Ball 1-1: Foul Ball, location: 2F 1-2: Strikes out looking
|
Batting: RHB Bob Lee
|
0-0: Called Strike Justin McCoy steals 2nd base 0-1: Ball 1-1: Foul Ball, location: 2F 1-2: Foul Ball, location: 2F 1-2: Ball 2-2: Ball 3-2: Foul Ball, location: 2F 3-2: Base on Balls
|
Batting: RHB Francisco Martínez
|
0-0: Swinging Strike 0-1: Ball 1-1: Swinging Strike 1-2: Foul Ball, location: 2F 1-2: Strikes out swinging
|
Batting: RHB Andrés Bustamante
|
0-0: Called Strike 0-1: Foul Ball, location: 2F 0-2: Ball 1-2: Strikes out swinging
|
Top of the 1st over - 0 runs, 2 hits, 0 errors, 3 left on base; Kingston 0 - Reading 0 |
BOTTOM OF THE 1ST |
Reading Rainbows batting - Pitching for Kingston Iguanas : LHP Ángel Rodríguez
|
Pitching: LHP Ángel Rodríguez
|
|
Batting: RHB Carlos Huerta
|
0-0: Ball 1-0: Foul Ball, location: 2F 1-1: Ball 2-1: Foul Ball, location: 2F 2-2: Ball 3-2: SINGLE (Groundball, 4) (infield hit)
|
Batting: RHB José Moreno
|
0-0: Called Strike 0-1: Ball 1-1: Foul Ball, location: 2F 1-2: Ball 2-2: SINGLE (Flyball, 89S) Carlos Huerta to second Runner from 2nd tries for 3rd, SAFE, no throw
|
Batting: RHB Richard Case
|
0-0: Swinging Strike 0-1: Reached on error, E6 (Groundball, 6) Carlos Huerta scores José Moreno to second
|
Batting: LHB Víctor Peña
|
0-0: Ball 1-0: Ball 2-0: Ball 3-0: Called Strike 3-1: Fly out, F8 (Flyball, 8RXD) Runner from 2nd tags up, SAFE at 3rd, no throw
|
Batting: RHB Edmund Swanson
|
0-0: Ball 1-0: Called Strike 1-1: Foul Ball, location: 2F 1-2: Strikes out swinging
|
Batting: RHB Carlos Palomón
|
0-0: Called Strike 0-1: Ball 1-1: Foul Ball, location: 2F 1-2: SINGLE (Line Drive, 3) José Moreno scores Richard Case to second Runner from 2nd tries for 3rd, SAFE, no throw
|
Batting: SHB Johnny Jackson
|
0-0: Ball 1-0: Called Strike 1-1: Called Strike 1-2: Fielders Choice at 2nd, 6-4 (Groundball, 6)
|
Bottom of the 1st over - 2 runs, 3 hits, 1 error, 2 left on base; Kingston 0 - Reading 2 |
TOP OF THE 2ND |
Kingston Iguanas batting - Pitching for Reading Rainbows : RHP Paul Orr
|
Batting: RHB Bobby Armstrong
|
0-0: Called Strike 0-1: Ball 1-1: Fly out, F8 (Line Drive, 8LS)
|
Batting: LHB Billy Anderson
|
0-0: Ball 1-0: Fly out, F7 (Flyball, 7LSF)
|
Batting: SHB Júlio Valentín
|
0-0: Ball 1-0: Ball 2-0: Called Strike 2-1: DOUBLE (Groundball, 3L)
|
Batting: RHB Ron Campbell
|
0-0: TRIPLE (Flyball, 9LD) Júlio Valentín scores
|
Batting: LHB Justin McCoy
|
0-0: Ball 1-0: Swinging Strike 1-1: Ball 2-1: Called Strike 2-2: Ball 3-2: Strikes out looking
|
Top of the 2nd over - 1 run, 2 hits, 0 errors, 1 left on base; Kingston 1 - Reading 2 |
BOTTOM OF THE 2ND |
Reading Rainbows batting - Pitching for Kingston Iguanas : LHP Ángel Rodríguez
|
Batting: LHB Dennis McConnell
|
0-0: Ball 1-0: Swinging Strike 1-1: Foul Ball, location: 2F 1-2: Foul Ball, location: 2F 1-2: Strikes out looking
|
Batting: RHB Lorenzo Cintrón
|
0-0: Fly out, F7 (Flyball, 7)
|
Batting: RHB Carlos Huerta
|
0-0: Ball 1-0: Ball 2-0: Ball 3-0: Called Strike 3-1: Base on Balls
|
Batting: RHB José Moreno
|
0-0: Ball Carlos Huerta is caught stealing 2nd base
|
Bottom of the 2nd over - 0 runs, 0 hits, 0 errors, 0 left on base; Kingston 1 - Reading 2 |
TOP OF THE 3RD |
Kingston Iguanas batting - Pitching for Reading Rainbows : RHP Paul Orr
|
Batting: LHB Gustavo Gómez
|
0-0: Ball 1-0: Ball 2-0: Foul Ball, location: 2F 2-1: Ball 3-1: Base on Balls
|
Batting: RHB Bob Lee
|
0-0: Called Strike 0-1: Ball 1-1: DOUBLE (Line Drive, 89XD) Gustavo Gómez to third
|
Batting: RHB Francisco Martínez
|
0-0: Ball Wild Pitch! Gustavo Gómez scores Bob Lee to third 1-0: Ball 2-0: Foul Ball, location: 2F 2-1: Foul Ball, location: 2F 2-2: Foul Ball, location: 2F 2-2: Ball 3-2: Base on Balls
|
Batting: RHB Andrés Bustamante
|
0-0: SINGLE (Groundball, 6MD) Bob Lee scores Francisco Martínez to second
|
Batting: RHB Bobby Armstrong
|
0-0: Grounds into double play, 6-4-3 (Groundball, 6) Francisco Martínez to third
|
Batting: LHB Billy Anderson
|
0-0: Ground out U3 (Groundball, 34S)
|
Top of the 3rd over - 2 runs, 2 hits, 0 errors, 1 left on base; Kingston 3 - Reading 2 |
BOTTOM OF THE 3RD |
Reading Rainbows batting - Pitching for Kingston Iguanas : LHP Ángel Rodríguez
|
Batting: RHB José Moreno
|
0-0: Foul Ball, location: 2F 0-1: Called Strike 0-2: Foul Ball, location: 2F 0-2: Ball 1-2: Ball 2-2: Ball 3-2: Strikes out swinging
|
Batting: RHB Richard Case
|
0-0: Fly out, F7 (Flyball, 7LMF)
|
Batting: LHB Víctor Peña
|
0-0: Fly out, F9 (Flyball, 9LM)
|
Bottom of the 3rd over - 0 runs, 0 hits, 0 errors, 0 left on base; Kingston 3 - Reading 2 |
TOP OF THE 4TH |
Kingston Iguanas batting - Pitching for Reading Rainbows : RHP Paul Orr
|
Batting: SHB Júlio Valentín
|
0-0: Called Strike 0-1: Ball 1-1: Foul Ball, location: 2F 1-2: Fly out, F8 (Flyball, 89XD)
|
Batting: RHB Ron Campbell
|
0-0: Foul Ball, location: 2F 0-1: Ball 1-1: Ground out 6-3 (Groundball, 6)
|
Batting: LHB Justin McCoy
|
0-0: Ball 1-0: Foul Ball, location: 2F 1-1: Called Strike 1-2: Ball 2-2: Ball 3-2: Fly out, F8 (Flyball, 89S)
|
Top of the 4th over - 0 runs, 0 hits, 0 errors, 0 left on base; Kingston 3 - Reading 2 |
BOTTOM OF THE 4TH |
Reading Rainbows batting - Pitching for Kingston Iguanas : LHP Ángel Rodríguez
|
Batting: RHB Edmund Swanson
|
0-0: Reached on error, E6 (Groundball, 6)
|
Batting: RHB Carlos Palomón
|
0-0: SINGLE (Flyball, 9S) Edmund Swanson to third
|
Batting: SHB Johnny Jackson
|
0-0: Ball 1-0: Ball 2-0: SINGLE (Groundball, 5D) Edmund Swanson scores Carlos Palomón to second
|
Batting: LHB Dennis McConnell
|
0-0: Called Strike 0-1: Ball 1-1: Ball 2-1: Ball 3-1: Called Strike 3-2: Strikes out swinging
|
Batting: RHB Lorenzo Cintrón
|
0-0: Ball Johnny Jackson is caught stealing 2nd base 1-0: Called Strike 1-1: Ball 2-1: Foul Ball, location: 2F 2-2: Foul Ball, location: 2F 2-2: Foul Ball, location: 2F 2-2: Ground out 6-3 (Groundball, 6)
|
Bottom of the 4th over - 1 run, 2 hits, 1 error, 1 left on base; Kingston 3 - Reading 3 |
TOP OF THE 5TH |
Kingston Iguanas batting - Pitching for Reading Rainbows : RHP Paul Orr
|
Batting: LHB Gustavo Gómez
|
0-0: SINGLE (Groundball, 34D)
|
Batting: RHB Bob Lee
|
0-0: Called Strike 0-1: Foul Ball, location: 2F 0-2: Foul Ball, location: 2F 0-2: Foul Ball, location: 2F 0-2: Strikes out looking
|
Batting: RHB Francisco Martínez
|
0-0: Called Strike 0-1: Ball 1-1: Swinging Strike 1-2: Fly out, F6 (Popup, 6)
|
Pitching: RHP Gustavo Hernández
|
|
Batting: RHB Andrés Bustamante
|
0-0: Swinging Strike 0-1: Called Strike 0-2: Ball 1-2: Foul Ball, location: 2F 1-2: Foul Ball, location: 2F 1-2: Fly out, F8 (Flyball, 8LD)
|
Top of the 5th over - 0 runs, 1 hit, 0 errors, 1 left on base; Kingston 3 - Reading 3 |
BOTTOM OF THE 5TH |
Reading Rainbows batting - Pitching for Kingston Iguanas : LHP Ángel Rodríguez
|
Batting: RHB Carlos Huerta
|
0-0: Foul Ball, location: 2F 0-1: Ball 1-1: Foul Ball, location: 2F 1-2: Foul Ball, location: 2F 1-2: Strikes out swinging
|
Batting: RHB José Moreno
|
0-0: Ball 1-0: Ball 2-0: SINGLE (Groundball, 6MS) (infield hit)
|
Batting: RHB Richard Case
|
0-0: Ball 1-0: Called Strike 1-1: Ground out 6-3 (Groundball, 6S) José Moreno to second
|
Batting: LHB Víctor Peña
|
0-0: Ball 1-0: Ball 2-0: SINGLE (Groundball, 4MS) (infield hit) José Moreno to third
|
Batting: RHB Edmund Swanson
|
0-0: SINGLE (Groundball, 34D) José Moreno scores Víctor Peña to second Runner from 2nd tries for 3rd, SAFE, no throw
|
Batting: RHB Carlos Palomón
|
0-0: Ball 1-0: Ball 2-0: Ground out 1-3 (Groundball, 13S)
|
Bottom of the 5th over - 1 run, 3 hits, 0 errors, 2 left on base; Kingston 3 - Reading 4 |
TOP OF THE 6TH |
Kingston Iguanas batting - Pitching for Reading Rainbows : RHP Gustavo Hernández
|
Batting: RHB Bobby Armstrong
|
0-0: Ball 1-0: Foul Ball, location: 2F 1-1: Fly out, F6 (Line Drive, 56)
|
Pitching: RHP Jesús Manuel
|
|
Batting: LHB Billy Anderson
|
0-0: SOLO HOME RUN (Flyball, 78D), Distance : 385 ft
|
Batting: SHB Júlio Valentín
|
0-0: Called Strike 0-1: Swinging Strike 0-2: SINGLE (Line Drive, 7S)
|
Batting: RHB Ron Campbell
|
0-0: Ball 1-0: Swinging Strike 1-1: SINGLE (Line Drive, 6M) Júlio Valentín to second Runner from 2nd tries for 3rd, SAFE, no throw
|
Batting: LHB Justin McCoy
|
0-0: Foul Ball, location: 2F 0-1: Foul Ball, location: 2F 0-2: Ball 1-2: Strikes out swinging
|
Batting: LHB Gustavo Gómez
|
0-0: Ball 1-0: Ball 2-0: Ground out 4-3 (Groundball, 4D)
|
Top of the 6th over - 1 run, 3 hits, 0 errors, 2 left on base; Kingston 4 - Reading 4 |
BOTTOM OF THE 6TH |
Reading Rainbows batting - Pitching for Kingston Iguanas : LHP Ángel Rodríguez
|
Pitching: RHP Guo-fang Juan
|
|
Batting: SHB Johnny Jackson
|
0-0: Swinging Strike 0-1: Foul Ball, location: 2F 0-2: Ball 1-2: Foul Ball, location: 2F 1-2: Strikes out looking
|
Batting: LHB Dennis McConnell
|
0-0: Ball 1-0: Called Strike 1-1: Foul Ball, location: 2F 1-2: Strikes out looking
|
Batting: RHB Lorenzo Cintrón
|
0-0: Ball 1-0: Swinging Strike 1-1: Ball 2-1: Swinging Strike 2-2: Ground out 6-3 (Groundball, 6M)
|
Bottom of the 6th over - 0 runs, 0 hits, 0 errors, 0 left on base; Kingston 4 - Reading 4 |
TOP OF THE 7TH |
Kingston Iguanas batting - Pitching for Reading Rainbows : RHP Jesús Manuel
|
Batting: RHB Bob Lee
|
0-0: Ball 1-0: Called Strike 1-1: Ball 2-1: Foul Ball, location: 2F 2-2: Ground out 1-3 (Groundball, 13)
|
Batting: RHB Francisco Martínez
|
0-0: Ball 1-0: Swinging Strike 1-1: Called Strike 1-2: Ball 2-2: Strikes out swinging
|
Batting: RHB Andrés Bustamante
|
0-0: Ball 1-0: Foul Ball, location: 2F 1-1: Ball 2-1: DOUBLE (Line Drive, 7LM)
|
Pinch Hitting: LHB Jon Quinn
|
0-0: Swinging Strike 0-1: Ball 1-1: Foul Ball, location: 2F 1-2: Ball 2-2: Ball 3-2: Foul Ball, location: 2F 3-2: Foul Ball, location: 2F 3-2: Base on Balls
|
Pitching: LHP Bill Parry
|
|
Pinch Hitting: RHB Rubén Hernández
|
0-0: Ball 1-0: Ground out 6-3 (Groundball, 56D)
|
Top of the 7th over - 0 runs, 1 hit, 0 errors, 2 left on base; Kingston 4 - Reading 4 |
BOTTOM OF THE 7TH |
Reading Rainbows batting - Pitching for Kingston Iguanas : RHP Guo-fang Juan
|
Now at 2B: Manuel Gómez
|
|
Now in LF: Chris McBride
|
|
Batting: RHB Carlos Huerta
|
0-0: Called Strike 0-1: Fly out, F7 (Flyball, 7D)
|
Batting: RHB José Moreno
|
0-0: Foul Ball, location: 2F 0-1: Foul Ball, location: 2F 0-2: Strikes out swinging
|
Batting: RHB Richard Case
|
0-0: Ball 1-0: Called Strike 1-1: Foul Ball, location: 2F 1-2: Strikes out swinging
|
Bottom of the 7th over - 0 runs, 0 hits, 0 errors, 0 left on base; Kingston 4 - Reading 4 |
TOP OF THE 8TH |
Kingston Iguanas batting - Pitching for Reading Rainbows : LHP Bill Parry
|
Pitching: RHP Manny Ramos
|
|
Pinch Hitting: LHB Marvin MacGruder
|
0-0: Foul Ball, location: 2F 0-1: Called Strike 0-2: Ball 1-2: Foul Ball, location: 2F 1-2: Ball 2-2: Foul Ball, location: 2F 2-2: Foul Ball, location: 2F 2-2: SINGLE (Flyball, 78S)
|
Batting: RHB Ron Campbell
|
0-0: Bunted foul 0-1: Sac Bunt - play at first, batter OUT! 1-4 Marvin MacGruder to second
|
Batting: LHB Justin McCoy
|
0-0: Ball 1-0: Called Strike 1-1: Ball 2-1: Ball 3-1: Foul Ball, location: 2F 3-2: Base on Balls
|
Batting: LHB Gustavo Gómez
|
0-0: Called Strike Marvin MacGruder steals 3rd base Justin McCoy to second 0-1: Foul Ball, location: 2F 0-2: SINGLE (Groundball, 56D) Marvin MacGruder scores Justin McCoy to third
|
Batting: RHB Bob Lee
|
0-0: Ball 1-0: Called Strike 1-1: Ball 2-1: Swinging Strike 2-2: SINGLE (Line Drive, 89M) Justin McCoy scores Gustavo Gómez to second
|
Batting: RHB Francisco Martínez
|
0-0: Called Strike 0-1: Ball 1-1: Fly out, F7 (Flyball, 7D) Runner from 2nd tags up, SAFE at 3rd, no throw
|
Batting: RHB Andrés Bustamante
|
0-0: Ball 1-0: Ball 2-0: Called Strike 2-1: Ball 3-1: Base on Balls Bob Lee to second
|
Batting: RHB Manuel Gómez
|
0-0: Ball 1-0: Ball 2-0: Ball 3-0: Called Strike 3-1: Ground out 5-3 (Groundball, 56)
|
Top of the 8th over - 2 runs, 3 hits, 0 errors, 3 left on base; Kingston 6 - Reading 4 |
BOTTOM OF THE 8TH |
Reading Rainbows batting - Pitching for Kingston Iguanas : RHP Guo-fang Juan
|
Pitching: LHP Jeff Minnich
|
|
Now at SS: John Beach
|
|
Batting: LHB Víctor Peña
|
0-0: SINGLE (Flyball, 8RM)
|
Pitching: RHP Pablo Suárez
|
|
Batting: RHB Edmund Swanson
|
0-0: Foul Ball, location: 2F 0-1: Ball 1-1: Foul Ball, location: 2F 1-2: Strikes out looking
|
Batting: RHB Carlos Palomón
|
0-0: Called Strike 0-1: SINGLE (Groundball, 6) (infield hit) Víctor Peña to second
|
Batting: SHB Johnny Jackson
|
0-0: Swinging Strike 0-1: Foul Ball, location: 2F 0-2: Ball 1-2: Fly out, F7 (Flyball, 78S)
|
Batting: LHB Dennis McConnell
|
0-0: Called Strike 0-1: Called Strike 0-2: Hit by Pitch Víctor Peña to third Carlos Palomón to second
|
Pinch Hitting: LHB Arturo Álvarez
|
0-0: Swinging Strike 0-1: Ball 1-1: Fielders Choice at 2nd, 6-4 (Groundball, 6)
|
Bottom of the 8th over - 0 runs, 2 hits, 0 errors, 3 left on base; Kingston 6 - Reading 4 |
TOP OF THE 9TH |
Kingston Iguanas batting - Pitching for Reading Rainbows : RHP Manny Ramos
|
Now at 3B: Jesús Chávez
|
|
Batting: RHB Chris McBride
|
0-0: Swinging Strike 0-1: Foul Ball, location: 2F 0-2: Strikes out swinging
|
Batting: SHB John Beach
|
0-0: Foul Ball, location: 2F 0-1: Ball 1-1: Ball 2-1: Ball 3-1: Base on Balls
|
Batting: RHB Ron Campbell
|
0-0: Foul Ball, location: 2F 0-1: Ball 1-1: Swinging Strike 1-2: Foul Ball, location: 2F 1-2: Fly out, F9 (Line Drive, 9)
|
Batting: LHB Justin McCoy
|
0-0: Foul Ball, location: 2F 0-1: Ground out 4-3 (Groundball, 4MD)
|
Top of the 9th over - 0 runs, 0 hits, 0 errors, 1 left on base; Kingston 6 - Reading 4 |
BOTTOM OF THE 9TH |
Reading Rainbows batting - Pitching for Kingston Iguanas : RHP Pablo Suárez
|
Pitching: RHP Ángel Casillas
|
|
Batting: RHB Carlos Huerta
|
0-0: Ground out 5-3 (Groundball, 56S)
|
Batting: RHB José Moreno
|
0-0: Ball 1-0: Foul Ball, location: 2F 1-1: Ball 2-1: Called Strike 2-2: Foul Ball, location: 2F 2-2: Strikes out swinging
|
Batting: RHB Richard Case
|
0-0: Foul Ball, location: 2F 0-1: Ball 1-1: Ball 2-1: Swinging Strike 2-2: Strikes out swinging
|
Bottom of the 9th over - 0 runs, 0 hits, 0 errors, 0 left on base; Kingston 6 - Reading 4 |
|